 Dungeon Crawl Stone Soup version 0.21-a0-272-g984ae92 (webtiles) character file.

17194 terra52 the Slicer (level 12, -14/67 HPs)
             Began as a Vine Stalker Gladiator on Sept 16, 2017.
             Was the Champion of Okawaru.
             Hit by a large rock thrown by a stone giant (35 damage)
             ... on level 1 of the Orcish Mines.
             The game lasted 00:45:43 (10048 turns).

terra52 the Slicer (Vine Stalker Gladiator)        Turns: 10048, Time: 00:45:44

Health: -14/67     AC: 19    Str: 29    XL:     12   Next: 45%
Magic:  0/21       EV: 15    Int:  8    God:    Okawaru [******]
Gold:   764        SH:  0    Dex: 17    Spells: 15/22 levels left

rFire    + . .     SeeInvis .   l - +1 falchion "Nuahew" {drain, +Rage Str+8}
rCold    . . .     Gourm    .   (no shield)
rNeg     . . .     Faith    .   h - +3 scale mail {rF+}
rPois    .         Spirit   +   c - +2 hat
rElec    .         Reflect  .   M - +1 cloak
rCorr    .         Harm     .   x - +0 pair of gloves {archery}
MR       +....                  H - +0 pair of boots
Stlth    +.........             (no amulet)
HPRegen  1.01/turn              k - +4 ring of protection
MPRegen  0.17/turn              C - ring of wizardry

@: no status effects
A: fangs 3, regeneration 2, magic shield, antimagic bite, no potion heal 3, rot
immunity
a: Heroism, Finesse, Renounce Religion, Evoke Berserk Rage


You were on level 1 of the Orcish Mines.
You worshipped Okawaru.
Okawaru was exalted by your worship.
You were not hungry.

You visited 3 branches of the dungeon, and saw 13 of its levels.
You also visited: Labyrinth.

You collected 764 gold pieces.

Inventory:

Hand Weapons
 l - the +1 falchion "Nuahew" (weapon) {drain, +Rage Str+8}
   (You found it on level 1 of the Lair of Beasts)

   A truly terrible weapon, it drains the life of those it strikes.
   It affects your strength (+8).
   It lets you go berserk.
 q - a +0 executioner's axe of chopping
 A - a +2 dagger of venom
Missiles
 I - 11 tomahawks
 K - 7 throwing nets (quivered)
Armour
 c - a +2 hat (worn)
 h - a +3 scale mail of fire resistance (worn)
 x - a +0 pair of gloves of archery (worn)
 H - a +0 pair of boots (worn)
 J - a +3 leather armour of magic resistance
 L - a +0 leather armour of poison resistance
 M - a +1 cloak (worn)
 U - a +0 shield
Jewellery
 k - a +4 ring of protection (left hand)
 C - a ring of wizardry (right hand)
 G - an uncursed ring of protection from cold
 S - an uncursed ring of positive energy
Wands
 b - a wand of lightning (15/15)
 n - a wand of iceblast (8/15)
 T - a wand of acid (8/15)
 V - a wand of paralysis (12/24)
 Y - a wand of confusion (19/48)
 Z - a wand of digging (9/24)
Scrolls
 e - 2 scrolls of enchant weapon
 i - 9 scrolls of teleportation
 o - 4 scrolls of remove curse
 r - 5 scrolls of blinking
 v - a scroll of identify
 w - 3 scrolls of fog
 y - 3 scrolls of recharging
 B - a scroll of noise
 D - a scroll of enchant armour {unknown}
 F - 6 scrolls of random uselessness {unknown}
 W - a scroll of fear
Potions
 d - 2 potions of might
 g - 3 potions of haste
 p - 6 potions of curing
 s - 2 potions of berserk rage
 t - a potion of resistance
 z - a potion of cancellation {unknown}
 E - a potion of mutation {unknown}
 N - 3 potions of flight
 O - a potion of lignification {unknown}
 P - a potion of degeneration {unknown}
 R - a potion of brilliance {unknown}
 X - 3 potions of ambrosia
Books
 a - a book of Party Tricks

   Spells                             Type                      Level
   a - Summon Butterflies             Summoning                    1
   b - Apportation                    Translocation                1
   c - Lesser Beckoning               Translocation                3
   d - Tukima's Dance                 Hexes                        3
   e - Alistair's Intoxication        Transmutation/Poison         5
   f - Invisibility                   Hexes                        6
 u - a book of Fire

   Spells                             Type                      Level
   a - Ignite Poison                  Fire/Transmutation/Poison    3
   b - Fireball                       Conjuration/Fire             5
   c - Bolt of Fire                   Conjuration/Fire             6
   d - Ring of Flames                 Charms/Fire                  7
   e - Ignition                       Fire                         8
Comestibles
 f - 15 bread rations
 j - 10 fruits
 m - 8 meat rations


   Skills:
 * Level 9.4 Fighting
 + Level 9.6(10.1) Short Blades
 * Level 5.1(8.0) Long Blades
 - Level 1.8 Throwing
 + Level 2.2 Armour
 + Level 7.5 Dodging
 - Level 2.7 Stealth
 - Level 5.6 Spellcasting
 - Level 3.2 Conjurations
 - Level 3.1 Hexes
 - Level 2.0 Necromancy
 + Level 5.1 Invocations


You had 15 spell levels left.
You knew the following spells:

 Your Spells              Type           Power        Failure   Level  Hunger
a - Animate Skeleton      Necr           N/A          9%          1    #......
b - Dazzling Spray        Conj/Hex       #.....       17%         3    ###....
c - Summon Guardian Gole  Hex/Summ       #.......     32%         3    ###....


Dungeon Overview and Level Annotations

Branches:
Dungeon (10/15)            Temple (0/1) D:6            Lair (2/6) D:10
  Snake (0/4) Lair:2          Orc (1/2) D:10
  Swamp: Lair:2-4    Shoals: Lair:2-4

Altars:
Cheibriados
Dithmenos
Elyvilon
Okawaru
Qazlal
Ru
Uskayaw
Vehumet
Wu Jian
Xom
Yredelemnul
Zin
The Shining One

Shops:
D:5 *

Annotations:
Lair:1 exclusion: oklob plant


Innate Abilities, Weirdness & Mutations

You have razor-sharp teeth.
You heal very quickly.
When hurt, damage is shared between your health and your magic reserves.
Your bite disrupts and absorbs the magic of your enemies.
Potions cannot restore your health.
You are immune to rotting.


Message History

Your bite misses the orc priest.
The orc priest is almost dead.
The orc hits you with a mace! The orc priest hits you with a club.
Unknown command.
Your scale mail prevents you from hitting the orc priest.
Your bite misses the orc priest.
The orc priest is almost dead.
The orc wizard barely misses you.
You riposte.
You hit the orc wizard but do no damage.
You drain the orc wizard!
You kill the orc wizard!
Okawaru accepts your kill.
The stone giant throws a large rock.
The large rock hits you!!
The orc priest invokes the aid of Beogh against you.
Beogh smites you!
* * * LOW HITPOINT WARNING * * *
The orc completely misses you.
The stone giant throws a large rock.
The large rock hits you!!!
Ouch! That really hurt!
You die...

#... ##.... .
##..... .. ##
#...o# ...
#.##.o..#
....#.#.o...##
.......#o....#
#.)(o#.#
##.#.))@.##
..........<#
.C....$...##
.....#..)....#
......#......#
.............#
..#...##....##
...... ...$##
.##. ..###


You could see a stone giant, an orc warrior, an orc priest and 3 orcs.

Vanquished Creatures
  Gastronok (Lair:1)
  A minotaur (Lab)
  Fannar (Lair:1)
  3 two-headed ogres
  An unseen horror (Lab)
  A black mamba (Lair:2)
  Maurice (D:9)
  3 spiny frogs
  Prince Ribbit (D:5)
  5 hippogriffs
  Sigmund (D:5)
  A wyvern (D:10)
  A shadow (Lab)
  19 yaks
  Edmund (D:5)
  2 nagas (Lair:2)
  18 water moccasins
  A porcupine (Lair:2)
  An orc warrior (Orc:1)
  5 ice beasts
  A black bear (D:9)
  2 sky beasts
  5 ogres
  2 centaurs
  2 crocodiles
  2 phantoms
  A big kobold (D:7)
  5 bullfrogs
  2 scorpions (D:5)
  11 killer bees
  A spriggan skeleton (Lab)
  An electric eel (Lair:2)
  6 crimson imps
  A centaur zombie (D:6)
  A bullfrog zombie (D:5)
  A hound (D:9)
  A bullfrog skeleton (D:10)
  A centaur skeleton (D:7)
  2 orc priests
  Ijyb (D:4)
  5 iguanas
  4 orc wizards
  2 worker ants
  A worker ant zombie (D:9)
  Robin (D:2)
  11 gnolls
  14 adders
  A howler monkey skeleton (D:4)
  3 shadow imps
  An adder zombie (D:8)
  4 worms
  3 dart slugs
  6 leopard geckos
  16 orcs
  5 giant cockroaches
  14 hobgoblins
  3 jackals (D:1)
  2 quokkas
  5 bats
  5 frilled lizards
  8 goblins
  6 kobolds
  3 rats
240 creatures vanquished.

Vanquished Creatures (collateral kills)
  A spiny frog (Lair:2)
  3 water moccasins
  A black bear (D:8)
  4 adders (Lair:2)
  A shadow imp (D:8)
  3 orcs
  A kobold (D:7)
14 creatures vanquished.

Grand Total: 254 creatures vanquished

Notes
Turn   | Place    | Note
-------+----------+-------------------------------------------
     0 | D:1      | terra52 the Vine Stalker Gladiator began the quest for the Orb.
     0 | D:1      | Reached XP level 1. HP: 11/11 MP: 2/2
    85 | D:1      | Reached XP level 2. HP: 3/15 MP: 3/3
   276 | D:1      | Reached XP level 3. HP: 12/18 MP: 4/4
   908 | D:2      | Found an iron altar of Okawaru.
   923 | D:2      | Became a worshipper of Warmaster Okawaru
   993 | D:2      | Reached skill level 1 in Stealth
  1031 | D:2      | Found a glowing golden altar of the Shining One.
  1033 | D:2      | Noticed Robin
  1055 | D:2      | Killed Robin
  1055 | D:2      | Gained mutation: Your natural rate of healing is unusually fast. [Vine Stalker growth]
  1055 | D:2      | Reached XP level 4. HP: 20/23 MP: 5/5
  1094 | D:2      | Learned a level 1 spell: Animate Skeleton
  1287 | D:2      | Found a stormy altar of Qazlal.
  1847 | D:3      | Found a white marble altar of Elyvilon.
  1854 | D:3      | Found an ornate altar of the Wu Jian Council.
  2184 | D:3      | Found an iron altar of Okawaru.
  2336 | D:4      | Reached XP level 5. HP: 25/27 MP: 6/6
  2338 | D:4      | Reached skill level 1 in Armour
  2539 | D:4      | Found a hide-covered altar of Uskayaw.
  2539 | D:4      | Noticed a dagger
  2539 | D:4      | Noticed a dagger
  2599 | D:4      | Reached skill level 1 in Necromancy
  2639 | D:4      | Noticed Ijyb
  2652 | D:4      | Killed Ijyb
  2652 | D:4      | Reached skill level 1 in Spellcasting
  2877 | D:5      | Entered Level 5 of the Dungeon
  2879 | D:5      | Noticed Prince Ribbit
  2905 | D:5      | Found Zin's Purification Station.
  2908 | D:5      | Found a glowing silver altar of Zin.
  2919 | D:5      | Noticed Sigmund
  2928 | D:5      | Killed Sigmund
  2928 | D:5      | Reached * piety under Okawaru
  2928 | D:5      | Reached XP level 6. HP: 29/32 MP: 8/8
  3117 | D:5      | Found a glowing golden altar of the Shining One.
  3119 | D:5      | Noticed an angel
  3208 | D:5      | Killed Prince Ribbit
  3208 | D:5      | Reached ** piety under Okawaru
  3208 | D:5      | Reached skill level 5 in Short Blades
  3208 | D:5      | Reached XP level 7. HP: 13/36 MP: 6/10
  3335 | D:5      | Found a shadowy altar of Dithmenos.
  3371 | D:5      | Noticed Edmund
  3386 | D:5      | Killed Edmund
  3468 | D:5      | Gained mutation: You have razor-sharp teeth. [Vine Stalker growth]
  3468 | D:5      | Reached XP level 8. HP: 42/42 MP: 11/11
  3592 | D:5      | Found a basalt altar of Yredelemnul.
  4020 | D:6      | Found a staircase to the Ecumenical Temple.
  4298 | D:7      | Reached *** piety under Okawaru
  4392 | D:7      | Reached skill level 5 in Fighting
  4396 | D:7      | Reached skill level 5 in Dodging
  4455 | D:7      | Found a radiant altar of Vehumet.
  4470 | D:7      | Reached XP level 9. HP: 47/47 MP: 12/12
  4512 | D:7      | Found a snail-covered altar of Cheibriados.
  4792 | D:7      | Learned a level 3 spell: Dazzling Spray
  5027 | D:7      | Found a sacrificial altar of Ru.
  5273 | D:8      | Noticed a two-headed ogre
  5287 | D:8      | Killed a two-headed ogre
  5287 | D:8      | Reached skill level 1 in Conjurations
  5287 | D:8      | Reached skill level 1 in Hexes
  5380 | D:8      | Reached **** piety under Okawaru
  5708 | D:8      | Found a shimmering altar of Xom.
  5982 | D:9      | Reached XP level 10. HP: 52/53 MP: 15/15
  6025 | D:9      | Noticed a two-headed ogre
  6040 | D:9      | Killed a two-headed ogre
  6040 | D:9      | Reached ***** piety under Okawaru
  6040 | D:9      | Reached skill level 1 in Invocations
  6258 | D:9      | Noticed Maurice
  6282 | D:9      | Killed Maurice
  6828 | D:10     | Entered Level 10 of the Dungeon
  6835 | D:10     | Found a staircase to the Lair.
  6964 | D:10     | Noticed a two-headed ogre
  6982 | D:10     | Killed a two-headed ogre
  7325 | D:10     | Reached XP level 11. HP: 48/58 MP: 19/19
  7354 | D:10     | Reached ****** piety under Okawaru
  7379 | D:10     | Found a staircase to the Orcish Mines.
  7585 | D:10     | Learned a level 3 spell: Summon Guardian Golem
  7632 | Lair:1   | Entered Level 1 of the Lair of Beasts
  7635 | Lair:1   | Got an ichor-stained falchion
  7639 | Lair:1   | Identified the +1 falchion "Nuahew" {drain, +Rage Str+8} (You found it on level 1 of the Lair of Beasts)
  7665 | Lair:1   | Reached skill level 5 in Spellcasting
  7669 | Lair:1   | Reached skill level 1 in Long Blades
  7714 | Lair:1   | Found a labyrinth entrance.
  7715 | Lair:1   | Noticed Fannar
  7730 | Lair:1   | Killed Fannar
  7730 | Lair:1   | Received a gift from Okawaru
  7739 | Lab      | Entered a labyrinth
  7982 | Lab      | Killed an unseen horror
  8163 | Lab      | Noticed a minotaur
  8169 | Lab      | Killed a minotaur
  8479 | Lair:1   | Noticed Gastronok
  8509 | Lair:1   | Killed Gastronok
  8548 | Lair:1   | Noticed an oklob plant
  8982 | Lair:2   | Gained mutation: You heal very quickly. [Vine Stalker growth]
  8982 | Lair:2   | Reached XP level 12. HP: 61/65 MP: 21/21
  9146 | Lair:2   | Found a staircase to the Snake Pit.
  9696 | Lair:2   | Received a gift from Okawaru
  9705 | Lair:2   | Reached skill level 5 in Long Blades
  9755 | Lair:2   | Reached skill level 5 in Invocations
 10033 | Orc:1    | Entered Level 1 of the Orcish Mines
 10043 | Orc:1    | Noticed a stone giant
 10048 | Orc:1    | Hit by a large rock thrown by a stone giant

Vault maps used:
D:1:      nicolae_arrival_washed_ashore, minmay_tetromino_l4
D:2:      old_standard_altar, lemuel_doored_altar, tso_metal_star, uniq_robin
D:3:      minitemple, first_bread, kennysheep_okawaru_gauntlet
D:4:      dancing_weapons_uskayaw, uniq_ijyb
D:5:      grunt_temple_overflow_holy_war, zin_purify,
          nicolae_dithmenos_the_darkroom, uniq_prince_ribbit1, uniq_edmund,
          uniq_sigmund
D:6:      minmay_temple_entry_overgrown
D:7:      vehumet_crystals, basic_altar, grunt_ogre_cave,
          minmay_misc_feat_diagonals, hangedman_decor_lopped,
          minmay_misc_feat_chi, nicolae_ru_the_path_less_chosen
D:8:      overflow_temple_1_default
D:9:      uniq_maurice
D:10:     lair_entry_dummy, orc_0_dummy
Lair:1:   lab_entry_generic, minmay_lair_oklob_chamber,
          infiniplex_staircase_pool_2, grunt_megastairs_5, uniq_fannar,
          uniq_gastronok
Lair:2:   lemuel_reptile_caves, guppyfry_snake_entry_garden
Orc:1:    nicolae_orc_rockfall
Lab:      nicolae_lab_dead_adventurers, nicolae_lab_grate_2,
          nicolae_lab_checkerboard, lab_hedge, nicolae_lab_t_cross,
          nicolae_lab_x, nicolae_lab_do_over, nicolae_lab_plus,
          nicolae_lab_big_swirl, labyrinth_skeletal_remains

Skill      XL: |  1  2  3  4  5  6  7  8  9 10 11 12 |
---------------+-------------------------------------+-----
Short Blades   | 3 4 5 6 7 8 9 |  9.6
Fighting       | 2 3 5 6 7 8 9 |  9.4
Stealth        | 1 2 |  2.7
Armour         | 1 2 |  2.2
Necromancy     | 1 2 |  2.0
Spellcasting   | 1 3 4 5 |  5.6
Dodging        | 3 5 6 7 |  7.5
Conjurations   | 2 3 |  3.2
Hexes          | 2 3 |  3.1
Invocations    | 2 4 5 |  5.1
Long Blades    | 3 5 |  5.1
Throwing       | |  1.8

Action                   |  1- 3 |  4- 6 |  7- 9 | 10-12 || total
-------------------------+-------+-------+-------+-------++-------
Melee: Rapier            |    42 |       |       |       ||    42
       Bite              |    32 |    34 |   133 |   255 ||   454
       Dagger            |    59 |   120 |   317 |   200 ||   696
       Short sword       |       |       |       |    35 ||    35
       Falchion          |       |       |       |   252 ||   252
       Punch             |       |       |       |     2 ||     2
Throw: Throwing net      |       |     3 |       |       ||     3
 Cast: Animate Skeleton  |       |     6 |    18 |    22 ||    46
       Dazzling Spray    |       |       |     4 |     7 ||    11
       Summon Guardian G |       |       |       |     4 ||     4
Invok: Heroism           |       |       |     1 |     3 ||     4
       Finesse           |       |       |       |     2 ||     2
Evoke: Wand              |       |     3 |     4 |     4 ||    11
  Use: Scroll            |       |       |       |    19 ||    19
       Potion            |       |       |       |     1 ||     1
 Stab: Sleeping          |       |     2 |     5 |     3 ||    10
       Invisible         |       |       |     1 |     1 ||     2
       Confused          |       |       |     1 |       ||     1
       Distracted        |       |       |       |     3 ||     3
  Eat: Chunk             |       |     8 |     8 |    13 ||    29
       Royal jelly       |       |       |     1 |     1 ||     2
Armor: Leather armour    |     3 |     9 |   112 |   136 ||   260
       Ring mail         |    15 |    28 |       |       ||    43
       Scale mail        |       |       |       |     7 ||     7
Dodge: Dodged            |    50 |    68 |   187 |   275 ||   580
       Rpst.: Falchion   |       |       |       |    47 ||    47

Table legend:
 A = Spawn XP
 B = Non-spawn XP
 C = Spawn XP percentage of total XP
 D = Spawn monster count
 E = Non-spawn monster count
 F = Spawn count percentage of total count
 G = Total turns spent on level
                    A         B        C        D         E        F      G
               +---------+---------+-------+---------+---------+-------+---------
         Total |       0 |   24563 |   0.0 |       0 |     254 |   0.0 | 10048
               +---------+---------+-------+---------+---------+-------+---------
           D:1 |       0 |      41 |   0.0 |       0 |      22 |   0.0 |   762
           D:2 |       0 |      65 |   0.0 |       0 |      24 |   0.0 |   673
           D:3 |       0 |      27 |   0.0 |       0 |       9 |   0.0 |   789
           D:4 |       0 |     145 |   0.0 |       0 |      10 |   0.0 |   653
           D:5 |       0 |     942 |   0.0 |       0 |      14 |   0.0 |   855
           D:6 |       0 |     428 |   0.0 |       0 |      11 |   0.0 |   409
           D:7 |       0 |    1174 |   0.0 |       0 |      30 |   0.0 |  1059
           D:8 |       0 |    1682 |   0.0 |       0 |      18 |   0.0 |   710
           D:9 |       0 |    2436 |   0.0 |       0 |      18 |   0.0 |   918
          D:10 |       0 |    3130 |   0.0 |       0 |      22 |   0.0 |   840
        Lair:1 |       0 |    5832 |   0.0 |       0 |      16 |   0.0 |   869
        Lair:2 |       0 |    6158 |   0.0 |       0 |      49 |   0.0 |  1020
         Orc:1 |       0 |     371 |   0.0 |       0 |       7 |   0.0 |    15
           Lab |       0 |    2132 |   0.0 |       0 |       4 |   0.0 |   476
               +---------+---------+-------+---------+---------+-------+---------
